 Dungeon Crawl Stone Soup version 0.29-a0-876-gfc89b1a5bd (webtiles) character file.

Game seed: 11502068528244158546

62 raph the Digger (level 3, 0/19 HPs)
             Began as a Deep Elf Earth Elementalist on July 19, 2022.
             Killed by nerve-wracking pain
             ... invoked by an orc priest
              (6 damage)
             ... on level 3 of the Dungeon.
             The game lasted 00:02:36 (2157 turns).

raph the Digger (Deep Elf Earth Elementalist)       Turns: 2157, Time: 00:02:36

Health: 0/19       AC:  4    Str:  5    XL:     3   Next: 85%
Magic:  7/9        EV: 12    Int: 21    God:
Gold:   13         SH:  0    Dex: 15    Spells: 2/8 levels left

rFire   . . .      SeeInvis .   i - +0 dagger
rCold   . . .      Faith    .   (no shield)
rNeg    . . .      Spirit   .   a - +0 robe
rPois   .          Reflect  .   l - +0 helmet
rElec   .          Harm     .   (no cloak)
rCorr   .          Rampage  .   e - +0 pair of gloves
Will    .....                   (no boots)
Stlth   ++........              (no amulet)
HPRegen 0.06/turn               (no ring)
MPRegen 0.11/turn               (no ring)

@: no status effects
A: no striking features
a: no special abilities


You were on level 3 of the Dungeon.
You visited 1 branch of the dungeon, and saw 3 of its levels.

You collected 68 gold pieces.
You spent 55 gold pieces at shops.

Inventory:

Hand Weapons
 i - a +0 dagger (weapon)
Missiles
 j - a throwing net
 m - 4 poisoned darts
Armour
 a - a +0 robe (worn)
 e - a +0 pair of gloves (worn)
 l - a +0 helmet (worn)
Jewellery
 h - a +4 ring of protection
Scrolls
 d - a scroll of amnesia
 g - 2 scrolls of teleportation
 k - a scroll of fog
Potions
 b - a potion of magic
 c - a potion of heal wounds
 f - a potion of curing {unknown}


   Skills:
 - Level 2.4 Dodging
 - Level 2.4 Stealth
 - Level 3.0 Spellcasting
 - Level 1.1 Transmutations
 + Level 5.3 Earth Magic


You had 2 spell levels left.
You knew the following spells:

 Your Spells              Type           Power      Damage    Failure   Level
a - Sandblast             Erth           50%        2d12      1%          1
b - Passwall              Tmut/Erth      13%        N/A       5%          2
c - Stone Arrow           Conj/Erth      28%        3d8       13%         3

Your spell library contained the following spells:

 Spells                   Type           Power      Damage    Failure   Level
 Petrify                  Tmut/Erth      16%        N/A       34%         4


Dungeon Overview and Level Annotations

Branches:
Dungeon (3/15)

Altars:

Shops:
D:2 !


Message History

You kill the kobold!
You see here 4 poisoned darts.
m - 4 poisoned darts You start resting.
Magic restored.
A goblin comes into view. It is wielding a +0 dagger.
The goblin shouts!
You hear a shout!
Aiming: Sandblast (safe; 1% risk of failure)
Press: ? - help, Q - select action, (/) - cycle Shift-Dir - straight line, f - goblin
Aim: a goblin, wielding a +0 dagger (76% to hit)
The blast of sand hits the goblin!
You kill the goblin!
An orc comes into view. It is wielding a +0 short sword.
An orc is nearby!
An orc priest comes into view.
It is wielding a +1 hand axe of freezing.
An orc comes into view. It is wielding a +0 club.
A giant cockroach and an orc wizard come into view.
The orc wizard shouts!
The orc priest shouts!
Aiming: Sandblast (safe; 1% risk of failure)
Press: ? - help, Q - select action, (/) - cycle Shift-Dir - straight line, f - orc
Aim: an orc, wielding a +0 short sword and wearing a +0 leather armour (81% to hit)
The blast of sand hits the orc!
You kill the orc!
The orc shouts!
An adder comes into view.
A worm comes into view.
The orc wizard gestures wildly while chanting.
The orc wizard flickers and vanishes!
Deactivating autopickup; reactivate with Ctrl-A.
The orc priest calls down the wrath of Beogh upon you.
Beogh smites you!
Ouch! That really hurt!
You hear an angry hiss.
Aiming: Sandblast (safe; 1% risk of failure)
Press: ? - help, Q - select action, (/) - cycle Shift-Dir - straight line, f - orc priest
Aim: an orc priest, wielding a +1 hand axe of freezing and wearing a +0 leather armour (81% to hit)
The blast of sand hits the orc priest.
The orc priest is moderately wounded.
The orc priest invokes the aid of Beogh against you.
Pain shoots through your body!
You die...

#############
##..(..#.....##
##.<...........##
#...............#
#.........[.....#
#...............#
#...............# w
#..........B.)..#....
#...)<..@..oo.S).....
##........)..........
#.............#......
##.#####.##.###......
#. #..#... B..S. #
##...... .....
....... .... #.......
.#..


You could see an orc priest, an adder, an orc and a giant cockroach.

Vanquished Creatures
  An adder (D:2)
  An orc (D:3)
  4 endoplasms
  2 giant cockroaches (D:2)
  9 goblins
  5 hobgoblins
  2 jackals (D:1)
  A quokka (D:2)
  2 ball pythons
  6 bats
  4 frilled lizards
  4 kobolds
  5 rats
46 creatures vanquished.

Notes
Turn   | Place    | Note
-------+----------+-------------------------------------------
     0 | D:1      | raph the Deep Elf Earth Elementalist began the quest for
                  | the Orb.
     0 | D:1      | Reached XP level 1. HP: 10/10 MP: 6/6
   188 | D:1      | Reached skill level 4 in Earth Magic
   188 | D:1      | Reached XP level 2. HP: 15/15 MP: 6/8
   191 | D:1      | Learned a level 2 spell: Passwall
  1239 | D:2      | Reached XP level 3. HP: 19/19 MP: 5/9
  1243 | D:2      | Learned a level 3 spell: Stone Arrow
  1273 | D:2      | Found Akuugit's Distillery.
  1286 | D:2      | Bought a potion of heal wounds for 55 gold pieces
  1685 | D:2      | Reached skill level 5 in Earth Magic
  2157 | D:3      | Killed from afar by an orc priest

Illustrated notes

Levels and vault maps discovered:
D:1:      pf_arrival_petrified_forest, layout_basic
D:2:      layout_basic, serial_shops, shop_statue
D:3:      layout_rooms, shapermc_ecumenical_altar_mp_ritualfount

Skill      XL: |  1  2  3 |
---------------+----------+-----
Earth Magic    | 4 5 |  5.3
Dodging        | |  2.4
Stealth        | |  2.4
Spellcasting   | |  3.0
Transmutations | |  1.1

Action                   || total
-------------------------++-------
 Cast: Sandblast         ||    55
       Stone Arrow       ||     2
  Use: Scroll            ||     5
Armor: Robe              ||     4
Dodge: Dodged            ||     3

Table legend: (Time is in decaauts)
 A = Elapsed time spent in this place.
 B = Non-inter-level travel time spent in this place.
 C = Inter-level travel time spent in this place.
 D = Time resting spent in this place.
 E = Time spent auto-exploring this place.
 F = Levels seen in this place.
 G = Mean time per level.
                   A        B        C        D        E       F      G
               +--------+--------+--------+--------+--------+-----+--------+
         Total |   2210 |   2174 |     36 |    337 |   1523 |   3 |  736.7 |
       Dungeon |   2210 |   2174 |     36 |    337 |   1523 |   3 |  736.7 |
               +--------+--------+--------+--------+--------+-----+--------+

Top non-repeatable levels by time:
     D:1: 1255 daAuts
     D:2: 928 daAuts
     D:3: 25 daAuts
